 Dungeon Crawl Stone Soup version 0.31.0-32-g396128a36d (webtiles) character file.

Game seed: 9773109418879564093

714 0gre the Chiller (level 7, -1/51 HPs)
             Began as a Gnoll Ice Elementalist on Apr 19, 2024.
             Slain by a water moccasin zombie (7 damage)
             ... in an ossuary.
             The game lasted 00:20:25 (3543 turns).

0gre the Chiller (Gnoll Ice Elementalist)           Turns: 3543, Time: 00:20:26

Health: -1/51      AC:  2    Str:  7    XL:     7   Next: 69%
Magic:  14/15      EV: 15    Int: 16    God:
Gold:   85         SH:  0    Dex: 19    Spells: 10/17 levels left

rFire   . . .        a - +0 rapier
rCold   . . .        (no shield)
rNeg    . . .        i - +0 robe
rPois   .            (no helmet)
rElec   .            (no cloak)
rCorr   .            (no gloves)
SInv    .            (no boots)
Will    .....        g - amulet of magic regeneration
Stlth   +++          f - +6 ring of dexterity
HPRegen 0.28/turn    (no ring)
MPRegen 0.54/turn

%: no passive effects
@: no status effects
A: fangs 1, strong nose, distributed training
a: no special abilities


You were in an ossuary.
You visited 1 branch of the dungeon, and saw 4 of its levels.
You also visited: Sewer and Ossuary.

You collected 189 gold pieces.
You spent 104 gold pieces at shops.

Inventory:

Hand Weapons
 a - a +0 rapier (weapon)
 b - a +0 sling
 c - a +0 trident
Missiles
 k - 6 poisoned darts (quivered)
 r - 4 atropa-tipped darts
Armour
 i - a +0 robe (worn)
Jewellery
 f - a +6 ring of dexterity (left hand)
 g - an amulet of magic regeneration (around neck)
Scrolls
 e - a scroll of revelation {unknown}
 h - 2 scrolls of teleportation
 l - a scroll of blinking {unknown}
 p - 2 scrolls of poison
 q - 2 scrolls of fog {unknown}
Potions
 d - 2 potions of curing
 j - 2 potions of magic
 m - a potion of lignification
 n - a potion of cancellation
 o - a potion of enlightenment
 s - a potion of ambrosia {unknown}


   Skills:
 + Level 2.7 Fighting
 + Level 2.7 Short Blades
 + Level 2.7 Long Blades
 + Level 2.7 Axes
 + Level 2.7 Maces & Flails
 + Level 2.7 Polearms
 + Level 2.7 Staves
 + Level 2.7 Ranged Weapons
 + Level 2.7 Throwing
 + Level 2.7 Armour
 + Level 5.4 Dodging
 + Level 5.0 Stealth
 + Level 2.7 Shields
 + Level 2.7 Unarmed Combat
 + Level 5.7 Spellcasting
 + Level 2.2 Conjurations
 + Level 2.2 Hexes
 + Level 2.2 Summonings
 + Level 2.2 Necromancy
 + Level 2.2 Translocations
 + Level 2.2 Fire Magic
 + Level 7.5 Ice Magic
 + Level 2.2 Air Magic
 + Level 2.2 Earth Magic
 + Level 2.2 Alchemy
 + Level 3.0 Invocations
 + Level 2.7 Evocations
 + Level 2.5 Shapeshifting


You had 10 spell levels left.
You knew the following spells:

 Your Spells              Type           Power      Damage    Failure   Level
a - Freeze                Ice            100%       1d10      1%          1
b - Frozen Ramparts       Ice            56%        1d9       1%          3
c - Summon Ice Beast      Ice/Summ       20%        N/A       5%          3

Your spell library contained the following spells:

 Spells                   Type           Power      Damage    Failure   Level
 Ozocubu's Armour         Ice            28%        N/A       1%          3
 Manifold Assault         Tloc           11%        N/A       50%         4
 Dispersal                Tloc           5%         N/A       100%        6
 Disjunction              Tloc           5%         N/A       100%        8


Dungeon Overview and Level Annotations

Branches:
Dungeon (4/15)              Sewer (visited)         Ossuary (1/1)
 Temple: D:4-7

Altars:

Shops:
D:2 ?   D:4 (


Innate Abilities, Weirdness & Mutations

You have very sharp teeth.
Your uncanny sense of smell can sniff out nearby items.
Your experience applies equally to all skills.


Message History

You closely miss the water moccasin zombie.
The water moccasin zombie is severely damaged.
The water moccasin zombie bites you but does no damage.
You barely miss the water moccasin zombie.
The water moccasin zombie is severely damaged.
The water moccasin zombie misses you.
You barely miss the water moccasin zombie.
The water moccasin zombie is severely damaged.
The water moccasin zombie bites you.
You puncture the water moccasin zombie!
The water moccasin zombie is almost destroyed.
The water moccasin zombie bites you but does no damage.
The water moccasin zombie closely misses you.
You hit the water moccasin zombie.
You destroy the water moccasin zombie!
You hit the water moccasin zombie.
The water moccasin zombie is lightly damaged.
The water moccasin zombie closely misses you.
The water moccasin zombie bites you.
* * * LOW HITPOINT WARNING * * *
You barely miss the water moccasin zombie.
The water moccasin zombie is lightly damaged.
The water moccasin zombie barely misses you.
You hit the water moccasin zombie.
The water moccasin zombie is lightly damaged.
The water moccasin zombie barely misses you.
Casting: Frozen Ramparts (safe; 1% risk of failure)
Confirm with . or Enter, or press ? or * to list all spells.
A chill wind blows around you. The water moccasin zombie bites you.
* * * LOW HITPOINT WARNING * * *
Your ice beast hits the water moccasin zombie.
Your ice beast freezes the water moccasin zombie.
The water moccasin zombie resists.
The water moccasin zombie misses you. The orc zombie closely misses you.
The water moccasin zombie bites you.
* * * LOW HITPOINT WARNING * * *
Your ice beast closely misses the water moccasin zombie.
The water moccasin zombie attacks as it pursues you!
The water moccasin zombie bites you!
You die... ...# ...# #'## #+### ...# #...# ...# #...# ...# #...# ...# #ZZZ#

##'###############'##
...#...'....#...@Z.Y#
...#...#....#...#Z..#
...'...#....'...#..∩#
#####################


You could see a water moccasin zombie (ally target), 2 orc zombies and a
friendly ice beast (summoned).

Vanquished Creatures
  A bullfrog (Sewer)
  2 water moccasin zombies (Ossuary)
  5 killer bees (D:4)
  An iguana (D:4)
  10 adders
  3 river rats (D:3)
  3 adder zombies (Ossuary)
  4 ribbon worms (D:3)
  12 dart slugs
  An orc (D:3)
  7 bats
  3 endoplasms
  9 giant cockroaches
  10 gnoll zombies (Ossuary)
  5 goblins
  5 hobgoblins
  4 jackals (D:4)
  4 quokkas
  8 ball pythons
  7 frilled lizards
  3 kobolds
  2 orc zombies (Ossuary)
  3 rats
112 creatures vanquished.

Vanquished Creatures (collateral kills)
  A killer bee (D:4)
  A ball python (D:4)
2 creatures vanquished.

Grand Total: 114 creatures vanquished

Notes
Turn   | Place    | Note
-------+----------+-------------------------------------------
     0 | D:1      | 0gre the Gnoll Ice Elementalist began the quest for the
                  | Orb.
     0 | D:1      | Reached XP level 1. HP: 13/13 MP: 6/6
   503 | D:1      | Reached XP level 2. HP: 19/19 MP: 7/7
   866 | D:2      | Found Juxuo's Magic Scroll Shoppe.
   875 | D:2      | Bought a scroll of identify for 26 gold pieces
   899 | D:2      | Reached skill level 5 in Spellcasting
   899 | D:2      | Reached XP level 3. HP: 22/25 MP: 6/9
   903 | D:2      | Learned a level 3 spell: Frozen Ramparts
  1174 | D:2      | Reached skill level 1 in Invocations
  1568 | D:2      | Bought a scroll of identify for 26 gold pieces
  1780 | D:2      | Bought a scroll of poison for 52 gold pieces
  1808 | D:3      | Reached skill level 1 in Fighting
  1808 | D:3      | Reached skill level 1 in Short Blades
  1808 | D:3      | Reached skill level 1 in Long Blades
  1808 | D:3      | Reached skill level 1 in Axes
  1808 | D:3      | Reached skill level 1 in Maces & Flails
  1808 | D:3      | Reached skill level 1 in Polearms
  1808 | D:3      | Reached skill level 1 in Staves
  1808 | D:3      | Reached skill level 1 in Ranged Weapons
  1808 | D:3      | Reached skill level 1 in Throwing
  1808 | D:3      | Reached skill level 1 in Armour
  1808 | D:3      | Reached skill level 1 in Shields
  1808 | D:3      | Reached skill level 1 in Unarmed Combat
  1808 | D:3      | Reached skill level 1 in Evocations
  1959 | D:3      | Reached skill level 1 in Shapeshifting
  1959 | D:3      | Reached XP level 4. HP: 29/32 MP: 11/11
  2028 | D:3      | Reached skill level 1 in Conjurations
  2028 | D:3      | Reached skill level 1 in Hexes
  2028 | D:3      | Reached skill level 1 in Summonings
  2028 | D:3      | Reached skill level 1 in Necromancy
  2028 | D:3      | Reached skill level 1 in Translocations
  2028 | D:3      | Reached skill level 1 in Fire Magic
  2028 | D:3      | Reached skill level 1 in Air Magic
  2028 | D:3      | Reached skill level 1 in Earth Magic
  2028 | D:3      | Reached skill level 1 in Alchemy
  2077 | D:3      | Reached XP level 5. HP: 34/37 MP: 9/12
  2097 | D:3      | Found a glowing drain.
  2105 | Sewer    | Entered a sewer
  2377 | Sewer    | Reached skill level 5 in Dodging
  2377 | Sewer    | Reached XP level 6. HP: 24/44 MP: 12/14
  2707 | D:3      | Learned a level 3 spell: Summon Ice Beast
  3140 | D:4      | Found Otimm's Weapon Emporium.
  3229 | D:4      | Reached XP level 7. HP: 27/51 MP: 9/15
  3316 | D:4      | Found a sand-covered staircase.
  3321 | Ossuary  | Entered an ossuary
  3489 | Ossuary  | Reached skill level 5 in Stealth
  3543 | Ossuary  | Slain by a water moccasin zombie

Illustrated notes

Levels and vault maps discovered:
D:1:      psy_arrival_basics, layout_basic
D:2:      layout_loops_cross, serial_shops, shop_fountains
D:3:      layout_basic, lightli_sewer_entry_pipes, roderic_roman_lattice,
          minmay_misc_feat_diagonals
D:4:      layout_rooms, serial_shops, shop, nicolae_ossuary_entry_plus
Ossuary:  ossuary_tomb_2

Skill      XL: |  1  2  3  4  5  6  7 |
---------------+----------------------+-----
Spellcasting   | 5 |  5.7
Invocations    | 1 2 3 |  3.0
Fighting       | 1 2 |  2.7
Short Blades   | 1 2 |  2.7
Long Blades    | 1 2 |  2.7
Axes           | 1 2 |  2.7
Maces & Flails | 1 2 |  2.7
Polearms       | 1 2 |  2.7
Staves         | 1 2 |  2.7
Ranged Weapons | 1 2 |  2.7
Throwing       | 1 2 |  2.7
Armour         | 1 2 |  2.7
Shields        | 1 2 |  2.7
Unarmed Combat | 1 2 |  2.7
Evocations     | 1 2 |  2.7
Shapeshifting  | 1 2 |  2.5
Conjurations   | 1 2 |  2.2
Hexes          | 1 2 |  2.2
Summonings     | 1 2 |  2.2
Necromancy     | 1 2 |  2.2
Translocations | 1 2 |  2.2
Fire Magic     | 1 2 |  2.2
Air Magic      | 1 2 |  2.2
Earth Magic    | 1 2 |  2.2
Alchemy        | 1 2 |  2.2
Dodging        | 5 |  5.4
Stealth        | 5 |  5.0
Ice Magic      | |  7.5

Action                     |  1- 3 |  4- 6 |  7- 9 || total
---------------------------+-------+-------+-------++-------
  Melee: Trident           |    19 |       |       ||    19
         Bite              |     3 |     1 |     9 ||    13
         Rapier            |     8 |    38 |    97 ||   143
         Punch             |       |     2 |     4 ||     6
   Fire: Sling             |    53 |    95 |     5 ||   153
   Cast: Freeze            |    14 |     5 |     1 ||    20
         Frozen Ramparts   |       |    12 |     3 ||    15
         Summon Ice Beast  |       |     1 |     1 ||     2
    Use: Scroll            |     5 |     1 |       ||     6
         Potion            |       |     1 |       ||     1
   Stab: Sleeping          |     2 |       |       ||     2
 Armour: Robe              |    18 |    21 |    45 ||    84
  Dodge: Dodged            |    21 |    40 |    57 ||   118
